Sharks vs Blues
Created - December 26, 2024 at 20:39
Goals
|
| Sharks |
3 |
0 |
0 |
3 |
| Blues |
1 |
2 |
2 |
5 |
|
Shots
|
| Sharks |
14 |
9 |
4 |
27 |
| Blues |
10 |
10 |
6 |
26 |
|
1st period
1. Sharks , Steven Stamkos 21 (Mike Lundin 9) at 3:27
2. Sharks , Steven Stamkos 22 (Conor Sheary 18, Drew Doughty 19) at 10:51 (PP)
3. Sharks , Wayne Simmonds 6 (Boone Jenner 12) at 16:22
4. Blues , Nathan MacKinnon 18 (Filip Forsberg 21, Nick Schmaltz 6) at 17:33
Penalties :
Travis Sanheim (Stl) for Tripping (Minor) at 9:29
2nd period
5. Blues , Seth Jones 4 (David Perron 4) at 6:22 (PP)
6. Blues , Jordan Kyrou 3 (Brandon Montour 5) at 12:49
Penalties :
Zach Parise (S.J) for High sticking (Minor) at 5:36, Drew Doughty (S.J) for Roughing (Minor) at 13:28, Conor Sheary (S.J) for Hooking (Minor) at 16:20, Drew Shore (Stl) for Holding (Minor) at 19:41
3rd period
7. Blues , Nikolaj Ehlers 6 (Seth Jones 16, David Perron 5) at 19:07 (PP)
8. Blues , Ethan Bear 2 (Nathan MacKinnon 23) at 19:21 (PP)
Penalties :
Jordan Kyrou (Stl) for Tripping (Minor) at 9:36, Tyler Myers (S.J) for Tripping (Minor) at 14:01, Conor Sheary (S.J) for Slashing (Double Minor) at 18:29
Goalie Stats
Philipp Grubauer (S.J), 21 saves from 26 shots - (0.808), L, 16-8-3, 60:00 minutes
Jake Oettinger (Stl), 24 saves from 27 shots - (0.889), W, 2-2-2, 60:00 minutes
Players Stats for Sharks
Player Name G A P +/- PIM S H SB GA TA FO MP PP MP PK MP
------------------------------------------------------------------------------------
Andreas Martinsen 0 0 0 0 0 1 2 0 0 1 0/0 17:03 0:00 4:43
Beau Bennett 0 0 0 0 0 4 1 0 0 1 1/1 12:19 0:00 0:00
Boone Jenner 0 1 1 1 0 3 1 0 0 0 6/9 16:41 1:45 2:21
Brendan Gaunce 0 0 0 0 0 2 0 0 0 0 0/4 7:33 0:00 0:06
Connor Murphy 0 0 0 -1 0 0 2 0 0 1 0/0 14:04 0:00 2:07
Conor Sheary 0 1 1 -1 6 3 1 0 1 1 0/2 18:48 3:35 0:00
Drew Doughty 0 1 1 -1 2 0 3 2 2 0 0/0 27:18 3:37 2:55
Gustav Nyquist 0 0 0 0 0 0 1 0 0 0 0/0 7:26 0:00 0:00
MacKenzie Weegar 0 0 0 -1 0 1 0 0 0 0 0/0 11:33 0:00 0:00
Markus Nutivaara 0 0 0 2 0 1 1 0 0 0 0/0 20:20 1:43 3:43
Mike Lundin 0 1 1 -1 0 1 2 3 0 0 0/0 27:46 3:37 4:11
Oscar Sundqvist 0 0 0 0 0 3 1 0 0 1 4/11 12:43 0:02 0:00
Ronalds Kenins 0 0 0 -1 0 0 2 1 0 0 0/0 19:48 3:35 0:49
Steven Stamkos 2 0 2 -1 0 3 1 0 1 1 19/35 22:52 3:35 4:54
Tyler Myers 0 0 0 2 2 1 2 1 2 1 0/0 19:07 1:43 2:14
Vince Hinostroza 0 0 0 0 0 1 0 0 0 0 0/0 7:26 0:00 0:00
Wayne Simmonds 1 0 1 1 0 2 2 0 1 1 0/0 13:37 1:43 0:00
Zach Parise 0 0 0 1 2 1 1 0 1 0 0/0 15:56 1:45 2:17
Players Stats for Blues
Player Name G A P +/- PIM S H SB GA TA FO MP PP MP PK MP
------------------------------------------------------------------------------------
Adam Henrique 0 0 0 -2 0 2 2 0 1 1 7/10 16:09 0:26 1:02
Brandon Montour 0 1 1 -1 0 0 1 0 0 2 0/0 16:07 0:00 3:20
Cody Ceci 0 0 0 0 0 0 3 0 1 1 0/0 23:47 0:00 3:20
David Perron 0 2 2 0 0 2 1 0 1 1 0/1 17:15 5:08 1:26
Devin Shore 0 0 0 0 0 4 1 0 0 0 4/9 14:13 2:18 1:14
Dominik Simon 0 0 0 1 0 0 0 0 0 0 0/0 5:49 0:24 0:00
Drew Shore 0 0 0 1 2 0 0 0 0 0 1/6 10:02 0:00 1:43
Ethan Bear 1 0 1 1 0 1 2 0 0 0 0/0 18:51 4:50 0:00
Filip Forsberg 0 1 1 1 0 3 0 0 2 0 2/2 22:21 4:53 2:20
Jordan Kyrou 1 0 1 1 2 1 0 0 0 0 1/1 14:24 0:00 0:00
Josh Morrissey 0 0 0 -1 0 0 1 1 1 0 0/0 20:13 2:45 2:00
Jujhar Khaira 0 0 0 -2 0 0 1 1 0 0 1/1 14:37 0:00 0:00
Nathan MacKinnon 1 1 2 1 0 5 1 0 1 0 14/29 19:51 4:51 0:00
Nick Schmaltz 0 1 1 -1 0 0 0 0 0 1 0/0 18:32 2:23 2:55
Nikolaj Ehlers 1 0 1 1 0 3 1 0 0 0 2/3 19:08 2:22 0:00
Seth Jones 1 1 2 0 0 4 1 0 1 1 0/0 23:42 4:50 2:00
Teuvo Teravainen 0 0 0 -1 0 1 0 1 0 0 0/0 2:17 0:00 0:00
Travis Sanheim 0 0 0 1 2 0 1 0 0 1 0/0 17:19 2:45 0:00
3 Stars
1 - Nathan MacKinnon (Stl)
2 - Seth Jones (Stl)
3 - Ethan Bear (Stl)
Power Play
Sharks - 1 on 3 Attempt(s) - 33.33%
Blues - 3 on 6 Attempt(s) - 50.00%
Penalty Kill
Sharks - 3 on 6 Attempt(s) - 50.00%
- Score 0 goal in Penalty Kill
Blues - 2 on 3 Attempt(s) - 66.67%
- Score 0 goal in Penalty Kill
Team Stat
Sharks - Hits : 23 - Faceoff Wins : 30 - Blocked Shots : 7 - Penalty Minutes : 12
Blues - Hits : 16 - Faceoff Wins : 32 - Blocked Shots : 3 - Penalty Minutes : 6
Official
Referees : Dean Morton and Jacob Brenk
Linesman : Brandon Gawryletz and Travis Gawryletz
Game Notes
Teuvo Teravainen is injured at 8:46 of 1st period (Right Leg)
Finance
Level 1 -- Attendance: 6000 (100.00%) -- Ticket Income $600,000
Level 2 -- Attendance: 4669 (93.38%) -- Ticket Income $326,830
Level 3 -- Attendance: 2000 (100.00%) -- Ticket Income $80,000
Level 4 -- Attendance: 3728 (93.20%) -- Ticket Income $111,840
Luxury Box -- Attendance: 926 (92.60%) -- Ticket Income $185,200
Game was played at the Enterprise Center.
Total Attendance: 17323 (96.24%)
Total Ticket Income: $1,303,870
Other Income: $195,580
Total Income: $1,499,450
Sharks
5 vs 5 Forward
Center Left Wing Right Wing Time % Phy DF OF
1 Steven Stamkos Ronalds Kenins Conor Sheary 40 0 2 3
2 Boone Jenner Zach Parise Wayne Simmonds 30 0 2 3
3 Oscar Sundqvist Andreas Martinsen Beau Bennett 20 1 2 2
4 Brendan Gaunce Vince Hinostroza Gustav Nyquist 10 1 2 2
5 vs 5 Defense
Defense Defense Time % Phy DF OF
1 Drew Doughty Mike Lundin 40 1 2 2
2 Tyler Myers Markus Nutivaara 30 1 2 2
3 Connor Murphy MacKenzie Weegar 20 1 2 2
4 Drew Doughty Mike Lundin 10 1 2 2
PowerPlay Forward
Center Left Wing Right Wing Time % Phy DF OF
1 Steven Stamkos Ronalds Kenins Conor Sheary 60 1 1 3
2 Boone Jenner Zach Parise Wayne Simmonds 40 1 1 3
PowerPlay Defense
Defense Defense Time % Phy DF OF
1 Drew Doughty Mike Lundin 60 1 2 2
2 Tyler Myers Markus Nutivaara 40 1 2 2
Penalty Kill 4 Players Forward
Center Wing Time % Phy DF OF
1 Steven Stamkos Andreas Martinsen 60 1 4 0
2 Boone Jenner Zach Parise 40 1 4 0
Penalty Kill 4 Players Defense
Defense Defense Time % Phy DF OF
1 Drew Doughty Mike Lundin 60 1 4 0
2 Tyler Myers Markus Nutivaara 40 1 4 0
Penalty Kill - 3 Players Forward
Forward Time % Phy DF OF
1 Steven Stamkos 60 1 4 0
2 Boone Jenner 40 1 4 0
Penalty Kill - 3 Players Defense
Defense Defense Time % Phy DF OF
1 Drew Doughty Mike Lundin 60 1 4 0
2 Tyler Myers Markus Nutivaara 40 1 4 0
4 vs 4 Forward
Center Wing Time % Phy DF OF
1 Steven Stamkos Ronalds Kenins 60 0 2 3
2 Boone Jenner Zach Parise 40 0 2 3
4 vs 4 Defense
Defense Defense Time % Phy DF OF
1 Drew Doughty Mike Lundin 60 1 2 2
2 Tyler Myers Markus Nutivaara 40 1 2 2
Last Minutes Offensive
Center Left Wing Right Wing Defense Defense
Steven Stamkos Ronalds Kenins Conor Sheary Drew Doughty Mike Lundin
Last Minutes Defensive
Center Left Wing Right Wing Defense Defense
Steven Stamkos Ronalds Kenins Conor Sheary Drew Doughty Mike Lundin
Goaltenders
Starting : Philipp Grubauer
Backup : Malcolm Subban
Extra Forwards
Normal : Zach Parise, Oscar Sundqvist, Wayne Simmonds - PP : Zach Parise, Oscar Sundqvist - PK : Zach Parise
Extra Defensemen
Normal : Markus Nutivaara, Connor Murphy, MacKenzie Weegar - PP : Markus Nutivaara - PK : Markus Nutivaara, Connor Murphy
Penalty Shots
Steven Stamkos, Conor Sheary, Boone Jenner, Ronalds Kenins, Zach Parise
Custom OT Lines Forwards
Steven Stamkos, Conor Sheary, Boone Jenner, Ronalds Kenins, Zach Parise, Oscar Sundqvist, Wayne Simmonds, Brendan Gaunce, Beau Bennett, Andreas Martinsen
Custom OT Lines Defensemen
Drew Doughty, Mike Lundin, Tyler Myers, Markus Nutivaara, Connor Murphy
Scratches
Jeremy Morin (Broken Bone (Right Arm) Injury), Logan Stanley (Healthy)
Blues
5 vs 5 Forward
Center Left Wing Right Wing Time % Phy DF OF
1 Nathan MacKinnon Filip Forsberg Nikolaj Ehlers 40 0 2 3
2 Adam Henrique Jujhar Khaira Teuvo Teravainen 30 0 2 3
3 Devin Shore David Perron Nick Schmaltz 20 1 2 2
4 Drew Shore Dominik Simon Jordan Kyrou 10 0 3 2
5 vs 5 Defense
Defense Defense Time % Phy DF OF
1 Seth Jones Cody Ceci 40 1 2 2
2 Josh Morrissey Brandon Montour 30 1 2 2
3 Ethan Bear Travis Sanheim 20 1 2 2
4 Josh Morrissey Cody Ceci 10 1 2 2
PowerPlay Forward
Center Left Wing Right Wing Time % Phy DF OF
1 Nathan MacKinnon Filip Forsberg Teuvo Teravainen 60 0 2 3
2 Devin Shore David Perron Nikolaj Ehlers 40 0 2 3
PowerPlay Defense
Defense Defense Time % Phy DF OF
1 Seth Jones Ethan Bear 60 0 2 3
2 Josh Morrissey Travis Sanheim 40 0 2 3
Penalty Kill 4 Players Forward
Center Wing Time % Phy DF OF
1 Drew Shore Nick Schmaltz 60 1 3 1
2 Devin Shore Teuvo Teravainen 40 1 3 1
Penalty Kill 4 Players Defense
Defense Defense Time % Phy DF OF
1 Brandon Montour Cody Ceci 60 1 2 2
2 Josh Morrissey Seth Jones 40 1 2 2
Penalty Kill - 3 Players Forward
Forward Time % Phy DF OF
1 Drew Shore 60 1 2 2
2 Devin Shore 40 1 2 2
Penalty Kill - 3 Players Defense
Defense Defense Time % Phy DF OF
1 Cody Ceci Brandon Montour 60 1 2 2
2 Seth Jones Josh Morrissey 40 1 2 2
4 vs 4 Forward
Center Wing Time % Phy DF OF
1 Nathan MacKinnon Filip Forsberg 60 1 2 2
2 Devin Shore Nikolaj Ehlers 40 1 2 2
4 vs 4 Defense
Defense Defense Time % Phy DF OF
1 Seth Jones Brandon Montour 60 1 2 2
2 Cody Ceci Josh Morrissey 40 1 2 2
Last Minutes Offensive
Center Left Wing Right Wing Defense Defense
Nathan MacKinnon Filip Forsberg Nikolaj Ehlers Seth Jones Travis Sanheim
Last Minutes Defensive
Center Left Wing Right Wing Defense Defense
Drew Shore Jujhar Khaira Teuvo Teravainen Brandon Montour Cody Ceci
Goaltenders
Starting : Jake Oettinger
Backup : Carey Price
Extra Forwards
Normal : Jordan Kyrou, Nikolaj Ehlers, Drew Shore - PP : David Perron, Teuvo Teravainen - PK : Filip Forsberg
Extra Defensemen
Normal : Cody Ceci, Travis Sanheim, Seth Jones - PP : Cody Ceci - PK : Seth Jones, Travis Sanheim
Penalty Shots
Jordan Kyrou, David Perron, Filip Forsberg, Teuvo Teravainen, Devin Shore
Custom OT Lines Forwards
Filip Forsberg, Nathan MacKinnon, Teuvo Teravainen, Nikolaj Ehlers, David Perron, Devin Shore, Adam Henrique, Jujhar Khaira, Drew Shore, Nick Schmaltz
Custom OT Lines Defensemen
Seth Jones, Josh Morrissey, Brandon Montour, Travis Sanheim, Cody Ceci
Scratches
Petter Granberg (Healthy), Luke Glendening (Healthy)
% Time on Ice - Sharks
Lines # - Real PCT - Wanted PCT - Time Play
Normal Forward
1 - 33% - 40% - 15:25
2 - 25% - 30% - 11:55
3 - 26% - 20% - 12:19
4 - 16% - 10% - 7:26
Normal Defense
1 - 39% - 40% - 18:21
2 - 32% - 30% - 15:11
3 - 24% - 20% - 11:16
4 - 5% - 10% - 2:17
PP Forward
1 - 67% - 60% - 3:35
2 - 33% - 40% - 1:45
PP Defense
1 - 68% - 60% - 3:37
2 - 32% - 40% - 1:43
PK Forward
1 - 78% - 60% - 5:55
2 - 22% - 40% - 1:40
PK Defense
1 - 56% - 60% - 4:14
2 - 44% - 40% - 3:21
PK3 Forward
1 - 0% - 60%
2 - 0% - 40%
PK3 Defense
1 - 0% - 60%
2 - 0% - 40%
44 Forward
1 - 0% - 60%
2 - 0% - 40%
44 Defense
1 - 0% - 60%
2 - 0% - 40%
Last Minute Offensive - 0:00
Last Minute Defensive - 0:00
Total
Forward - 60:00
Defense - 60:00
|
% Time on Ice - Blues
Lines # - Real PCT - Wanted PCT - Time Play
Normal Forward
1 - 34% - 40% - 16:01
2 - 32% - 30% - 14:58
3 - 23% - 20% - 10:41
4 - 12% - 10% - 5:25
Normal Defense
1 - 38% - 40% - 17:49
2 - 27% - 30% - 12:37
3 - 29% - 20% - 13:48
4 - 6% - 10% - 2:51
PP Forward
1 - 70% - 60% - 5:17
2 - 30% - 40% - 2:18
PP Defense
1 - 64% - 60% - 4:50
2 - 36% - 40% - 2:45
PK Forward
1 - 82% - 60% - 4:21
2 - 18% - 40% - 0:59
PK Defense
1 - 63% - 60% - 3:20
2 - 38% - 40% - 2:00
PK3 Forward
1 - 0% - 60%
2 - 0% - 40%
PK3 Defense
1 - 0% - 60%
2 - 0% - 40%
44 Forward
1 - 0% - 60%
2 - 0% - 40%
44 Defense
1 - 0% - 60%
2 - 0% - 40%
Last Minute Offensive - 0:00
Last Minute Defensive - 0:00
Total
Forward - 60:00
Defense - 60:00
|
Play-by-Play
1st period
0:01 of 1st period - Nathan MacKinnon wins face-off versus Steven Stamkos in neutral zone.
0:36 of 1st period - Wrist shot by Adam Henrique.
0:36 of 1st period - Stopped by Philipp Grubauer without a rebound.
0:37 of 1st period - Devin Shore wins face-off versus Oscar Sundqvist in Sharks zone.
1:16 of 1st period - Snap shot by Teuvo Teravainen.
1:16 of 1st period - Stopped by Philipp Grubauer without a rebound.
1:17 of 1st period - Steven Stamkos wins face-off versus Drew Shore in Sharks zone.
2:08 of 1st period - Wrist shot by Oscar Sundqvist.
2:08 of 1st period - Stopped by Jake Oettinger with a rebound.
2:38 of 1st period - Wrist shot by Seth Jones.
2:38 of 1st period - Shot Blocked by Mike Lundin.
2:42 of 1st period - Wrist shot by Devin Shore.
2:42 of 1st period - Stopped by Philipp Grubauer without a rebound.
2:43 of 1st period - Steven Stamkos wins face-off versus Nikolaj Ehlers in Sharks zone.
3:01 of 1st period - Icing by Brandon Montour.
3:02 of 1st period - Boone Jenner wins face-off versus Nathan MacKinnon in Blues zone.
3:27 of 1st period - Wrist shot by Steven Stamkos.
3:27 of 1st period - Goal by Steven Stamkos - Sharks : 1 - Blues : 0.
3:28 of 1st period - Adam Henrique wins face-off versus Steven Stamkos in neutral zone.
3:35 of 1st period - Snap shot by Adam Henrique.
3:35 of 1st period - Shot Misses the Net.
3:55 of 1st period - Mike Lundin is hit by Josh Morrissey and loses puck.
4:04 of 1st period - Backhand shot by Wayne Simmonds.
4:04 of 1st period - Stopped by Jake Oettinger with a rebound.
4:14 of 1st period - Snap shot by Devin Shore.
4:14 of 1st period - Stopped by Philipp Grubauer with a rebound.
4:16 of 1st period - Slapshot by Josh Morrissey.
4:16 of 1st period - Shot Misses the Net.
4:18 of 1st period - Snap shot by David Perron.
4:18 of 1st period - Stopped by Philipp Grubauer without a rebound.
4:19 of 1st period - Devin Shore wins face-off versus Steven Stamkos in Sharks zone.
5:00 of 1st period - Slapshot by Seth Jones.
5:00 of 1st period - Stopped by Philipp Grubauer without a rebound.
5:01 of 1st period - Beau Bennett wins face-off versus Drew Shore in Sharks zone.
5:36 of 1st period - Snap shot by Boone Jenner.
5:36 of 1st period - Stopped by Jake Oettinger with a rebound.
5:38 of 1st period - Slapshot by Mike Lundin.
5:38 of 1st period - Stopped by Jake Oettinger with a rebound.
5:40 of 1st period - Snap shot by Zach Parise.
5:40 of 1st period - Stopped by Jake Oettinger without a rebound.
5:41 of 1st period - Nathan MacKinnon wins face-off versus Conor Sheary in Blues zone.
5:52 of 1st period - MacKenzie Weegar is hit by Cody Ceci and loses puck.
6:46 of 1st period - Jujhar Khaira is hit by Tyler Myers and loses puck.
7:01 of 1st period - Snap shot by Nikolaj Ehlers.
7:01 of 1st period - Shot Blocked by Drew Doughty.
7:03 of 1st period - Slapshot by Seth Jones.
7:03 of 1st period - Stopped by Philipp Grubauer without a rebound.
7:04 of 1st period - Steven Stamkos wins face-off versus Nathan MacKinnon in Sharks zone.
7:13 of 1st period - Wrist shot by Conor Sheary.
7:13 of 1st period - Stopped by Jake Oettinger with a rebound.
8:26 of 1st period - Icing by Ronalds Kenins.
8:27 of 1st period - Steven Stamkos wins face-off versus Adam Henrique in Sharks zone.
8:44 of 1st period - Wrist shot by Steven Stamkos.
8:44 of 1st period - Shot Misses the Net.
8:46 of 1st period - Snap shot by Conor Sheary.
8:46 of 1st period - Shot Blocked by Teuvo Teravainen.
8:46 of 1st period - Teuvo Teravainen from Blues is injured at 8:46 of 1st period (Right Leg).
8:47 of 1st period - Adam Henrique wins face-off versus Boone Jenner in Blues zone.
9:16 of 1st period - Off-side.
9:17 of 1st period - Oscar Sundqvist wins face-off versus Devin Shore in neutral zone.
9:26 of 1st period - Snap shot by Oscar Sundqvist.
9:26 of 1st period - Stopped by Jake Oettinger without a rebound.
9:27 of 1st period - Adam Henrique wins face-off versus Oscar Sundqvist in Blues zone.
9:29 of 1st period - Minor Penalty to Travis Sanheim for Tripping.
9:30 of 1st period - Steven Stamkos wins face-off versus Drew Shore in Blues zone.
9:30 of 1st period - Snap shot by Conor Sheary.
9:30 of 1st period - Stopped by Jake Oettinger without a rebound.
9:31 of 1st period - Steven Stamkos wins face-off versus Drew Shore in Blues zone.
10:37 of 1st period - David Perron is hit by Ronalds Kenins and loses puck.
10:51 of 1st period - Snap shot by Steven Stamkos.
10:51 of 1st period - Goal by Steven Stamkos - Sharks : 2 - Blues : 0.
10:52 of 1st period - Adam Henrique wins face-off versus Boone Jenner in neutral zone.
11:03 of 1st period - Snap shot by Adam Henrique.
11:03 of 1st period - Stopped by Philipp Grubauer with a rebound.
11:24 of 1st period - Snap shot by Beau Bennett.
11:24 of 1st period - Stopped by Jake Oettinger without a rebound.
11:25 of 1st period - Oscar Sundqvist wins face-off versus Nathan MacKinnon in Blues zone.
11:28 of 1st period - Wrist shot by Beau Bennett.
11:28 of 1st period - Shot Misses the Net.
11:34 of 1st period - Wrist shot by Filip Forsberg.
11:34 of 1st period - Shot Misses the Net.
11:36 of 1st period - Snap shot by Nikolaj Ehlers.
11:36 of 1st period - Shot Misses the Net.
11:38 of 1st period - Slapshot by Josh Morrissey.
11:38 of 1st period - Shot Misses the Net.
11:40 of 1st period - Slapshot by Brandon Montour.
11:40 of 1st period - Shot Misses the Net.
11:52 of 1st period - Brandon Montour is hit by Tyler Myers and loses puck.
13:32 of 1st period - Wrist shot by Oscar Sundqvist.
13:32 of 1st period - Stopped by Jake Oettinger with a rebound.
13:49 of 1st period - Tyler Myers is hit by Travis Sanheim and loses puck.
15:06 of 1st period - Slapshot by Markus Nutivaara.
15:06 of 1st period - Shot Misses the Net.
15:22 of 1st period - Slapshot by Jordan Kyrou.
15:22 of 1st period - Shot Blocked by Ronalds Kenins.
15:48 of 1st period - Markus Nutivaara is hit by Adam Henrique and loses puck.
16:20 of 1st period - Snap shot by Boone Jenner.
16:20 of 1st period - Shot Misses the Net.
16:22 of 1st period - Wrist shot by Wayne Simmonds.
16:22 of 1st period - Goal by Wayne Simmonds - Sharks : 3 - Blues : 0.
16:23 of 1st period - Steven Stamkos wins face-off versus Nathan MacKinnon in neutral zone.
17:03 of 1st period - Slapshot by Beau Bennett.
17:03 of 1st period - Stopped by Jake Oettinger without a rebound.
17:04 of 1st period - Boone Jenner wins face-off versus Devin Shore in Blues zone.
17:33 of 1st period - Wrist shot by Nathan MacKinnon.
17:33 of 1st period - Goal by Nathan MacKinnon - Sharks : 3 - Blues : 1.
17:34 of 1st period - Nathan MacKinnon wins face-off versus Steven Stamkos in neutral zone.
18:22 of 1st period - Off-side.
18:23 of 1st period - Oscar Sundqvist wins face-off versus Devin Shore in neutral zone.
18:28 of 1st period - Tyler Myers is hit by Devin Shore and loses puck.
18:34 of 1st period - Icing by Markus Nutivaara.
18:35 of 1st period - Nathan MacKinnon wins face-off versus Oscar Sundqvist in Sharks zone.
19:31 of 1st period - Snap shot by Devin Shore.
19:31 of 1st period - Stopped by Philipp Grubauer without a rebound.
19:32 of 1st period - Boone Jenner wins face-off versus Devin Shore in Sharks zone.
19:32 of 1st period - Boone Jenner is hit by Brandon Montour.
Goals for this period are 3 for Sharks vs 1 for Blues.
Shots for this period are 14 for Sharks vs 10 for Blues.
2nd period
0:01 of 2nd period - Nikolaj Ehlers wins face-off versus Steven Stamkos in neutral zone.
0:12 of 2nd period - Snap shot by Nathan MacKinnon.
0:12 of 2nd period - Stopped by Philipp Grubauer with a rebound.
0:14 of 2nd period - Wrist shot by Nathan MacKinnon.
0:14 of 2nd period - Stopped by Philipp Grubauer with a rebound.
0:16 of 2nd period - Wrist shot by Filip Forsberg.
0:16 of 2nd period - Shot Misses the Net.
1:35 of 2nd period - Snap shot by Conor Sheary.
1:35 of 2nd period - Stopped by Jake Oettinger without a rebound.
1:36 of 2nd period - Jujhar Khaira wins face-off versus Steven Stamkos in Blues zone.
2:03 of 2nd period - Seth Jones is hit by Connor Murphy and loses puck.
2:26 of 2nd period - Snap shot by Nikolaj Ehlers.
2:26 of 2nd period - Stopped by Philipp Grubauer without a rebound.
2:27 of 2nd period - Nathan MacKinnon wins face-off versus Oscar Sundqvist in Sharks zone.
2:32 of 2nd period - Slapshot by Nathan MacKinnon.
2:32 of 2nd period - Stopped by Philipp Grubauer without a rebound.
2:33 of 2nd period - Steven Stamkos wins face-off versus Nathan MacKinnon in Sharks zone.
2:33 of 2nd period - Steven Stamkos is hit by Nikolaj Ehlers.
3:05 of 2nd period - Snap shot by Boone Jenner.
3:05 of 2nd period - Stopped by Jake Oettinger without a rebound.
3:06 of 2nd period - Boone Jenner wins face-off versus Adam Henrique in Blues zone.
3:39 of 2nd period - Off-side.
3:40 of 2nd period - Nathan MacKinnon wins face-off versus Steven Stamkos in neutral zone.
3:49 of 2nd period - Snap shot by Ronalds Kenins.
3:49 of 2nd period - Shot Blocked by Josh Morrissey.
4:07 of 2nd period - Jujhar Khaira is hit by Boone Jenner and loses puck.
4:40 of 2nd period - Backhand shot by Nick Schmaltz.
4:40 of 2nd period - Shot Misses the Net.
4:50 of 2nd period - Slapshot by Nathan MacKinnon.
4:50 of 2nd period - Deflect By Nikolaj Ehlers.
4:50 of 2nd period - Stopped by Philipp Grubauer with a rebound.
4:52 of 2nd period - Slapshot by Ethan Bear.
4:52 of 2nd period - Shot Blocked by Drew Doughty.
4:54 of 2nd period - Wrist shot by Filip Forsberg.
4:54 of 2nd period - Shot Blocked by Mike Lundin.
4:56 of 2nd period - Snap shot by Filip Forsberg.
4:56 of 2nd period - Shot Misses the Net.
5:10 of 2nd period - Ronalds Kenins is hit by Adam Henrique and loses puck.
5:36 of 2nd period - Minor Penalty to Zach Parise for High sticking.
5:37 of 2nd period - Steven Stamkos wins face-off versus Nathan MacKinnon in Sharks zone.
5:48 of 2nd period - Snap shot by Seth Jones.
5:48 of 2nd period - Stopped by Philipp Grubauer without a rebound.
5:49 of 2nd period - Nathan MacKinnon wins face-off versus Steven Stamkos in Sharks zone.
5:52 of 2nd period - Slapshot by Nathan MacKinnon.
5:52 of 2nd period - Shot Misses the Net.
5:54 of 2nd period - Snap shot by Ethan Bear.
5:54 of 2nd period - Deflect By Nathan MacKinnon.
5:54 of 2nd period - Shot Blocked by Tyler Myers.
5:54 of 2nd period - Puck is out of play.
5:55 of 2nd period - Steven Stamkos wins face-off versus Nathan MacKinnon in Sharks zone.
6:22 of 2nd period - Slapshot by Seth Jones.
6:22 of 2nd period - Deflect By Tyler Myers.
6:22 of 2nd period - Goal by Seth Jones - Sharks : 3 - Blues : 2.
6:23 of 2nd period - Nathan MacKinnon wins face-off versus Steven Stamkos in neutral zone.
6:27 of 2nd period - Off-side.
6:28 of 2nd period - Steven Stamkos wins face-off versus Nathan MacKinnon in neutral zone.
6:33 of 2nd period - Wrist shot by Steven Stamkos.
6:33 of 2nd period - Stopped by Jake Oettinger with a rebound.
7:05 of 2nd period - Snap shot by Boone Jenner.
7:05 of 2nd period - Stopped by Jake Oettinger without a rebound.
7:06 of 2nd period - Nathan MacKinnon wins face-off versus Oscar Sundqvist in Blues zone.
8:44 of 2nd period - Slapshot by Beau Bennett.
8:44 of 2nd period - Shot Misses the Net.
9:08 of 2nd period - Oscar Sundqvist is hit by David Perron and loses puck.
9:41 of 2nd period - Devin Shore is hit by Oscar Sundqvist and loses puck.
9:58 of 2nd period - Slapshot by Devin Shore.
9:58 of 2nd period - Stopped by Philipp Grubauer without a rebound.
9:59 of 2nd period - Nathan MacKinnon wins face-off versus Steven Stamkos in Sharks zone.
10:16 of 2nd period - Steven Stamkos is hit by Cody Ceci and loses puck.
11:27 of 2nd period - Seth Jones is hit by Drew Doughty and loses puck.
11:36 of 2nd period - Wayne Simmonds is hit by Cody Ceci and loses puck.
11:47 of 2nd period - Seth Jones is hit by Drew Doughty and loses puck.
12:13 of 2nd period - Icing by Nikolaj Ehlers.
12:14 of 2nd period - Nathan MacKinnon wins face-off versus Brendan Gaunce in Blues zone.
12:34 of 2nd period - Brandon Montour is hit by Wayne Simmonds and loses puck.
12:49 of 2nd period - Snap shot by Jordan Kyrou.
12:49 of 2nd period - Goal by Jordan Kyrou - Sharks : 3 - Blues : 3.
12:50 of 2nd period - Jordan Kyrou wins face-off versus Steven Stamkos in neutral zone.
13:26 of 2nd period - Snap shot by Filip Forsberg.
13:26 of 2nd period - Stopped by Philipp Grubauer with a rebound.
13:28 of 2nd period - Minor Penalty to Drew Doughty for Roughing.
13:29 of 2nd period - Nathan MacKinnon wins face-off versus Steven Stamkos in Sharks zone.
14:07 of 2nd period - Off-side.
14:08 of 2nd period - Boone Jenner wins face-off versus Nathan MacKinnon in neutral zone.
14:17 of 2nd period - Slapshot by Tyler Myers.
14:17 of 2nd period - Stopped by Jake Oettinger without a rebound.
14:18 of 2nd period - Steven Stamkos wins face-off versus Nathan MacKinnon in Blues zone.
15:28 of 2nd period - Penalty to Drew Doughty is over, Drew Doughty is back on ice.
15:30 of 2nd period - Ronalds Kenins is hit by Nathan MacKinnon.
15:44 of 2nd period - Wrist shot by Brendan Gaunce.
15:44 of 2nd period - Stopped by Jake Oettinger without a rebound.
15:45 of 2nd period - Adam Henrique wins face-off versus Brendan Gaunce in Blues zone.
15:50 of 2nd period - Gustav Nyquist is hit by Jujhar Khaira and loses puck.
16:07 of 2nd period - Snap shot by Vince Hinostroza.
16:07 of 2nd period - Stopped by Jake Oettinger with a rebound.
16:09 of 2nd period - Slapshot by Brendan Gaunce.
16:09 of 2nd period - Stopped by Jake Oettinger without a rebound.
16:10 of 2nd period - Steven Stamkos wins face-off versus Nathan MacKinnon in Blues zone.
16:20 of 2nd period - Minor Penalty to Conor Sheary for Hooking.
16:21 of 2nd period - Steven Stamkos wins face-off versus Nathan MacKinnon in Sharks zone.
17:45 of 2nd period - Adam Henrique is hit by Andreas Martinsen and loses puck.
18:20 of 2nd period - Penalty to Conor Sheary is over, Conor Sheary is back on ice.
18:30 of 2nd period - Connor Murphy is hit by Ethan Bear and loses puck.
19:05 of 2nd period - Slapshot by Markus Nutivaara.
19:05 of 2nd period - Stopped by Jake Oettinger without a rebound.
19:06 of 2nd period - Adam Henrique wins face-off versus Brendan Gaunce in Blues zone.
19:21 of 2nd period - Snap shot by Markus Nutivaara.
19:21 of 2nd period - Shot Blocked by Jujhar Khaira.
19:41 of 2nd period - Minor Penalty to Drew Shore for Holding.
19:42 of 2nd period - Filip Forsberg wins face-off versus Conor Sheary in Blues zone.
Goals for this period are 0 for Sharks vs 2 for Blues.
Shots for this period are 9 for Sharks vs 10 for Blues.
3rd period
0:01 of 3rd period - Filip Forsberg wins face-off versus Steven Stamkos in neutral zone.
0:26 of 3rd period - Brandon Montour is hit by Zach Parise and loses puck.
1:01 of 3rd period - Seth Jones is hit by Markus Nutivaara and loses puck.
1:41 of 3rd period - Penalty to Drew Shore is over, Drew Shore is back on ice.
1:50 of 3rd period - Dominik Simon is hit by Beau Bennett and loses puck.
1:55 of 3rd period - Slapshot by MacKenzie Weegar.
1:55 of 3rd period - Stopped by Jake Oettinger with a rebound.
2:35 of 3rd period - Snap shot by Adam Henrique.
2:35 of 3rd period - Shot Misses the Net.
4:47 of 3rd period - Jordan Kyrou is hit by Wayne Simmonds and loses puck.
5:28 of 3rd period - Slapshot by Beau Bennett.
5:28 of 3rd period - Stopped by Jake Oettinger with a rebound.
5:30 of 3rd period - Slapshot by Beau Bennett.
5:30 of 3rd period - Shot Misses the Net.
5:32 of 3rd period - Snap shot by Andreas Martinsen.
5:32 of 3rd period - Deflect By Josh Morrissey.
5:32 of 3rd period - Shot Misses the Net.
5:32 of 3rd period - Puck is out of play.
5:33 of 3rd period - Steven Stamkos wins face-off versus Devin Shore in Blues zone.
6:13 of 3rd period - Backhand shot by Travis Sanheim.
6:13 of 3rd period - Shot Blocked by Mike Lundin.
6:37 of 3rd period - Slapshot by Beau Bennett.
6:37 of 3rd period - Shot Misses the Net.
7:28 of 3rd period - Connor Murphy is hit by Seth Jones and loses puck.
8:06 of 3rd period - Snap shot by Nathan MacKinnon.
8:06 of 3rd period - Stopped by Philipp Grubauer with a rebound.
8:17 of 3rd period - Ethan Bear is hit by Andreas Martinsen and loses puck.
8:30 of 3rd period - Wrist shot by Brendan Gaunce.
8:30 of 3rd period - Shot Misses the Net.
8:33 of 3rd period - Icing by Ethan Bear.
8:34 of 3rd period - Devin Shore wins face-off versus Boone Jenner in Blues zone.
9:07 of 3rd period - Nikolaj Ehlers is hit by Mike Lundin and loses puck.
9:16 of 3rd period - Mike Lundin is hit by Ethan Bear and loses puck.
9:36 of 3rd period - Minor Penalty to Jordan Kyrou for Tripping.
9:37 of 3rd period - Drew Shore wins face-off versus Steven Stamkos in Blues zone.
10:25 of 3rd period - Wrist shot by Devin Shore.
10:25 of 3rd period - Shot Hit the Post.
10:27 of 3rd period - Slapshot by Josh Morrissey.
10:27 of 3rd period - Shot Misses the Net.
10:29 of 3rd period - Slapshot by Seth Jones.
10:29 of 3rd period - Deflect By Filip Forsberg.
10:29 of 3rd period - Stopped by Philipp Grubauer with a rebound.
11:36 of 3rd period - Penalty to Jordan Kyrou is over, Jordan Kyrou is back on ice.
11:43 of 3rd period - Nick Schmaltz is hit by Gustav Nyquist and loses puck.
11:56 of 3rd period - Snap shot by Drew Shore.
11:56 of 3rd period - Shot Misses the Net.
12:20 of 3rd period - Slapshot by Brandon Montour.
12:20 of 3rd period - Shot Misses the Net.
12:35 of 3rd period - Icing by Steven Stamkos.
12:36 of 3rd period - Steven Stamkos wins face-off versus Nathan MacKinnon in Sharks zone.
12:47 of 3rd period - Nikolaj Ehlers is hit by Steven Stamkos and loses puck.
12:58 of 3rd period - Wrist shot by Beau Bennett.
12:58 of 3rd period - Stopped by Jake Oettinger without a rebound.
12:59 of 3rd period - Oscar Sundqvist wins face-off versus Adam Henrique in Blues zone.
13:02 of 3rd period - Snap shot by Andreas Martinsen.
13:02 of 3rd period - Stopped by Jake Oettinger without a rebound.
13:03 of 3rd period - Adam Henrique wins face-off versus Oscar Sundqvist in Blues zone.
13:07 of 3rd period - Ethan Bear is hit by Drew Doughty and loses puck.
13:20 of 3rd period - Ethan Bear is hit by Mike Lundin and loses puck.
13:43 of 3rd period - Slapshot by Jordan Kyrou.
13:43 of 3rd period - Deflect By Drew Doughty.
13:43 of 3rd period - Shot Misses the Net.
13:43 of 3rd period - Puck is out of play.
13:44 of 3rd period - Nathan MacKinnon wins face-off versus Steven Stamkos in Sharks zone.
13:59 of 3rd period - Snap shot by Nikolaj Ehlers.
13:59 of 3rd period - Shot Misses the Net.
14:01 of 3rd period - Minor Penalty to Tyler Myers for Tripping.
14:02 of 3rd period - Steven Stamkos wins face-off versus David Perron in Sharks zone.
16:01 of 3rd period - Penalty to Tyler Myers is over, Tyler Myers is back on ice.
16:23 of 3rd period - Josh Morrissey is hit by Conor Sheary and loses puck.
16:41 of 3rd period - Off-side.
16:42 of 3rd period - Nikolaj Ehlers wins face-off versus Brendan Gaunce in neutral zone.
17:04 of 3rd period - Seth Jones is hit by Ronalds Kenins and loses puck.
17:40 of 3rd period - Josh Morrissey is hit by Connor Murphy.
18:09 of 3rd period - Snap shot by David Perron.
18:09 of 3rd period - Stopped by Philipp Grubauer without a rebound.
18:10 of 3rd period - Steven Stamkos wins face-off versus Nathan MacKinnon in Sharks zone.
18:29 of 3rd period - Double Minor Penalty to Conor Sheary for Slashing.
18:30 of 3rd period - Nathan MacKinnon wins face-off versus Steven Stamkos in Sharks zone.
18:37 of 3rd period - Slapshot by Nathan MacKinnon.
18:37 of 3rd period - Deflect By Filip Forsberg.
18:37 of 3rd period - Stopped by Philipp Grubauer with a rebound.
19:07 of 3rd period - Wrist shot by Nikolaj Ehlers.
19:07 of 3rd period - Goal by Nikolaj Ehlers - Sharks : 3 - Blues : 4.
19:08 of 3rd period - Steven Stamkos wins face-off versus Nathan MacKinnon in neutral zone.
19:21 of 3rd period - Backhand shot by Ethan Bear.
19:21 of 3rd period - Goal by Ethan Bear - Sharks : 3 - Blues : 5.
19:22 of 3rd period - Devin Shore wins face-off versus Oscar Sundqvist in neutral zone.
19:45 of 3rd period - Icing by Drew Doughty.
19:46 of 3rd period - Boone Jenner wins face-off versus Drew Shore in Sharks zone.
Goals for this period are 0 for Sharks vs 2 for Blues.
Shots for this period are 4 for Sharks vs 6 for Blues.